 Dungeon Crawl Stone Soup version 0.16.1-11-g651b585 (webtiles) character file.

111 jacksonaction the Cudgeler (level 4, -1/39 HPs)
             Began as a Minotaur Fighter on Apr 7, 2015.
             Slain by Sigmund
             ... wielding a +0 scythe
              (10 damage)
             ... on level 3 of the Dungeon.
             The game lasted 00:05:57 (1739 turns).

jacksonaction the Cudgeler (Minotaur Fighter)       Turns: 1739, Time: 00:05:57

Health: -1/39      AC:  6    Str: 21    XL:     4   Next: 62%
Magic:  2/2        EV:  7    Int:  5    God:
Gold:   120        SH:  9    Dex: 10    Spells: 0 memorised, 3 levels left

rFire  . . .     SeeInvis .     a - +0 flail
rCold  . . .     Clarity  .     b - +0 scale mail
rNeg   . . .     SustAb   .     c - +0 shield
rPois  .         Gourm    .     (helmet restricted)
rElec  .         Spirit   .     (no cloak)
rCorr  .         Warding  .     (no gloves)
rMut   .         Stasis   .     (no boots)
MR     .....                    (no amulet)
Stlth  ..........               (no ring)
                                (no ring)

@: not resistant to hostile enchantments, extremely unstealthy
A: retaliatory headbutt, horns 2
a: no special abilities


You were on level 3 of the Dungeon.
You were hungry.

You visited 1 branch of the dungeon, and saw 3 of its levels.

You collected 120 gold pieces.

Inventory:

Hand weapons
 a - a +0 flail (weapon)
 f - a +0 flail
Missiles
 g - a throwing net
 k - 68 stones (quivered)
 n - 18 poisoned needles
Armour
 b - a +0 scale mail (worn)
 c - a +0 shield (worn)
 i - a +0 cloak
 r - a +0 pair of gloves
Scrolls
 j - a scroll of remove curse {unknown}
 l - a scroll of fog {unknown}
 m - 2 scrolls of immolation {unknown}
 o - 2 scrolls of identify {unknown}
 p - a scroll of fear {unknown}
Potions
 e - 2 potions of might
 h - 2 potions of curing {unknown}
 q - a potion of heal wounds {unknown}
 t - a potion of degeneration {unknown}
Comestibles
 d - 4 bread rations
 s - a royal jelly


   Skills:
 - Level 3.6 Fighting
 + Level 5.9 Maces & Flails
 - Level 3.6 Armour
 - Level 3.6 Shields


You had 3 spell levels left.
You didn't know any spells.

Dungeon Overview and Level Annotations

Branches:
Dungeon (3/15)

Altars:

Annotations:
D:3 Sigmund


Innate Abilities, Weirdness & Mutations

You reflexively headbutt those who attack you in melee.
You have a pair of horns on your head.


Message History

You kill the ooze!
You block Sigmund's attack.
You barely miss Sigmund. Sigmund hits you but does no damage.
You hit Sigmund but do no damage. You headbutt Sigmund.
Sigmund is lightly wounded.
You block Sigmund's attack.
You hit Sigmund.
Sigmund is moderately wounded.
Your shield and scale mail prevent you from hitting Sigmund.
Sigmund is moderately wounded.
Sigmund hits you with a scythe!
* * * LOW HITPOINT WARNING * * *
Your shield prevents you from hitting Sigmund.
Sigmund is moderately wounded.
Sigmund hits you with a scythe.
* * * LOW HITPOINT WARNING * * *
You barely miss Sigmund.
Sigmund is moderately wounded.
Sigmund hits you with a scythe!
You die...

P..♣♣...# #># #.<.....#
P.♣...@.. ..# #.#######
..((....# #.# #.##.#
.........####.# #.##.#
.......((†.##.###.##.#
#####..###.##.##...#.# #.
#.##.#..#...#######
##..###@##..#.##.........
.........@(.###...........
##.##.....## ##....######
#.####.###..#### #.
#..#...# .. #......#
.#...........# .
#####......# #......#
###.##.#


You could see Sigmund.

Vanquished Creatures
  3 adders (D:2)
  2 gnolls
  A giant mite (D:2)
  2 worms
  2 oozes
  A ball python (D:1)
  3 giant cockroaches
  3 goblins
  3 hobgoblins
  7 jackals
  8 kobolds
  2 bats (D:2)
  3 giant newts (D:1)
  10 rats
50 creatures vanquished.

Notes
Turn   | Place    | Note
--------------------------------------------------------------
     0 | D:1      | jacksonaction, the Minotaur Fighter, began the quest for the Orb.
     0 | D:1      | Reached XP level 1. HP: 19/19 MP: 1/1
    41 | D:1      | Reached XP level 2. HP: 26/26 MP: 1/1
   526 | D:1      | Reached skill level 4 in Maces & Flails
   656 | D:1      | Reached XP level 3. HP: 26/31 MP: 2/2
  1020 | D:2      | Reached skill level 5 in Maces & Flails
  1031 | D:2      | Reached XP level 4. HP: 31/39 MP: 2/2
  1721 | D:3      | Noticed Sigmund
  1739 | D:3      | Slain by Sigmund

Action                   |  1- 3 |  4- 6 || total
-------------------------+-------+-------++-------
Melee: Flail             |    71 |    37 ||   108
Throw: Stone             |     2 |     6 ||     8
  Eat: Chunk             |       |     2 ||     2
